 Dungeon Crawl Stone Soup version 0.29-a0-839-g4793fd635e (webtiles) character file.

Game seed: 5408862927289855718

8527 Essalna the Fighter (level 11, -9/87 HPs)
             Began as a Djinni Conjurer on July 14, 2022.
             Was a Priest of Makhleb.
             Shot with an arrow by a centaur warrior (14 damage)
             ... on level 9 of the Dungeon.
             The game lasted 00:21:19 (11144 turns).

Essalna the Fighter (Djinni Conjurer)              Turns: 11144, Time: 00:21:19

Health: -9/87      AC:  7    Str:  6    XL:     11   Next: 57%
Gold:   863        EV: 13    Int: 23    God:    Makhleb [***...] SH:  5 Dex: 13

rFire   + + .      SeeInvis +   w - +1 whip (elec)
rCold   x . .      Faith    .   (no shield)
rNeg    . . .      Spirit   .   G - +2 leather armour {Will+}
rPois   ∞          Reflect  +   H - +2 hat
rElec   .          Harm     .   (no cloak)
rCorr   .          Rampage  .   (no gloves)
Will    ++...                   (boots unavailable)
Stlth   ++........              o - amulet of reflection
HPRegen 0.24/turn               b - ring of see invisible
MPRegen 0.00/turn               (no ring)

@: flying
A: sickness immunity, fire resistance 2, cold vulnerability 1, float, innate
caster, HP casting, extra vitality 1
a: Renounce Religion, Minor Destruction, Lesser Servant of Makhleb


You were on level 9 of the Dungeon.
You worshipped Makhleb.
Makhleb was most pleased with you.
You visited 2 branches of the dungeon, and saw 10 of its levels.

You collected 863 gold pieces.

Inventory:

Hand Weapons
 l - a +1 short sword of freezing
 r - a +2 hand axe of venom
 w - a +1 whip of electrocution (weapon)
Armour
 a - a +0 robe
 h - a +0 helmet
 q - a +1 robe of willpower
 G - a +2 leather armour of willpower (worn)
 H - a +2 hat (worn)
Magical Staves
 t - a staff of cold
Jewellery
 b - a ring of see invisible (left hand)
 o - an amulet of reflection (around neck)
 A - a ring of fire
Wands
 n - a wand of roots (5)
 u - a wand of charming (17)
 B - a wand of digging (8)
 D - a wand of light (12)
 K - a wand of polymorph (3)
Scrolls
 c - 5 scrolls of amnesia {unknown}
 d - a scroll of enchant armour {unknown}
 f - 2 scrolls of vulnerability {unknown}
 j - 5 scrolls of immolation {unknown}
 k - 5 scrolls of identify {unknown}
 m - 4 scrolls of fear {unknown}
 s - 2 scrolls of noise {unknown}
 x - a scroll of enchant weapon {unknown}
 y - a scroll of poison {unknown}
 C - a scroll of silence {unknown}
 E - a scroll of fog {unknown}
 F - 5 scrolls of teleportation {unknown}
Potions
 e - a potion of mutation {unknown}
 g - 3 potions of lignification {unknown}
 i - a potion of attraction {unknown}
 p - 5 potions of degeneration {unknown}
 v - 2 potions of heal wounds {unknown}
 z - a potion of invisibility {unknown}
 I - 2 potions of curing
 J - a potion of cancellation {unknown}


   Skills:
 + Level 11.2 Fighting
 + Level 4.5 Armour
 + Level 5.5 Dodging
 - Level 1.5 Stealth
 + Level 9.4 Spellcasting


You couldn't memorise any spells.
You knew the following spells:

 Your Spells              Type           Power      Damage    Failure   Level
a - Magic Dart            Conj           100%       1d8       1%          1
b - Searing Ray           Conj           100%       2d8       1%          2
c - Dazzling Flash        Conj/Hex       100%       N/A       1%          3
d - Fulminant Prism       Conj/Hex       26%        3d14      1%          4
e - Iskenderun's Mystic   Conj/Tloc      53%        2d11      1%          4
f - Beastly Appendage     Tmut           100%       N/A       1%          1
g - Call Imp              Summ           53%        N/A       1%          2
h - Swiftness             Air            53%        N/A       1%          3
i - Vampiric Draining     Necr           53%        2d9       1%          3
j - Lightning Bolt        Conj/Air       26%        1d42      5%          5
Your spell library was empty.

Dungeon Overview and Level Annotations

Branches:
Dungeon (9/15)             Temple (1/1) D:4
   Lair: D:8-11         Orc: D:9-12

Altars:
Ashenzari
Cheibriados
Fedhas
Gozag
Makhleb
Nemelex Xobeh
Okawaru
Qazlal
Ru
Uskayaw
Wu Jian
Xom
Yredelemnul
Zin
The Shining One

Shops:
D:1 [   D:5 *

Annotations:
D:9 Amaemon


Innate Abilities, Weirdness & Mutations

You are immune to sickness and miasma.
You are immune to poison.
Your flesh is very heat resistant. (rF++)
You are vulnerable to cold. (rC-)
You float through the air rather than walking.
You learn spells naturally, not from books.
Your magical power is your life essence.
You have superior vitality. (+4 MHP)


Message History

Casting: Lightning Bolt (dangerous; 5% risk of failure)
Confirm with . or Enter, or press ? or * to list all spells.
Aiming: Lightning Bolt (dangerous; 5% risk of failure)
Press: ? - help, Shift-Dir - straight line, f - centaur warrior
Aim: a centaur warrior, wielding a +0 shortbow (74% to hit)
You hear a mighty clap of thunder!
The bolt of lightning hits the centaur warrior.
The centaur warrior is lightly wounded.
The centaur warrior shoots an arrow.
The arrow hits you!
Casting: Lightning Bolt (dangerous; 5% risk of failure)
Confirm with . or Enter, or press ? or * to list all spells.
Aiming: Lightning Bolt (dangerous; 5% risk of failure)
Press: ? - help, Shift-Dir - straight line, f/p - centaur warrior
Aim: a centaur warrior, wielding a +0 shortbow (lightly wounded, 74% to hit)
You hear a mighty clap of thunder!
The bolt of lightning hits the centaur warrior.
The centaur warrior is lightly wounded.
The centaur warrior shoots an arrow.
The arrow hits you!
Casting: Lightning Bolt (dangerous; 5% risk of failure)
Confirm with . or Enter, or press ? or * to list all spells.
Aiming: Lightning Bolt (dangerous; 5% risk of failure)
Press: ? - help, Shift-Dir - straight line, f/p - centaur warrior
Aim: a centaur warrior, wielding a +0 shortbow (lightly wounded, 74% to hit)
You hear a mighty clap of thunder!
The bolt of lightning hits the centaur warrior!
The centaur warrior is moderately wounded.
The centaur warrior shoots an arrow.
The arrow hits you!
The centaur warrior shoots an arrow.
The arrow hits you!!
* * * LOW HITPOINT WARNING * * *
Casting: Lightning Bolt (dangerous; 5% risk of failure)
Confirm with . or Enter, or press ? or * to list all spells.
Aiming: Lightning Bolt (dangerous; 5% risk of failure)
Press: ? - help, Shift-Dir - straight line, f/p - centaur warrior
Aim: a centaur warrior, wielding a +0 shortbow (moderately wounded, 74% to hit)
You hear a mighty clap of thunder!
The bolt of lightning hits the centaur warrior!!
The centaur warrior is severely wounded.
* * * LOW HITPOINT WARNING * * *
The centaur warrior shoots an arrow.
The arrow hits you!
You die...

#..# #..# #..# #..# #..#
. #..# ...
######..###########.....
<†..†..))))<)[(.@(..(c..
##################......
..... .... ##. ## #


You could see a centaur warrior.

Vanquished Creatures
  A boulder beetle (D:9)
  The ghost of Malachi the Grappler, a novice TrEE (D:8)
  A deep elf pyromancer (D:6)
  Pikel (D:4)
  A cyclops (D:9)
  Maurice (D:8)
  Psyche (D:8)
  An unseen horror (D:7)
  A wraith (D:8)
  Sigmund (D:5)
  3 wyverns
  6 yaks (D:9)
  3 steam dragons
  2 water moccasins (D:7)
  2 orc warriors
  2 sky beasts
  2 black bears
  3 ice beasts
  A centaur (D:6)
  An ogre (D:6)
  3 lemures (D:4)
  3 phantoms
  2 kobold brigands (D:9)
  4 bullfrogs
  A necrophage (D:5)
  3 scorpions
  5 killer bees (D:8)
  3 howler monkeys
  2 jellies
  A gnoll bouda (D:5)
  3 hounds
  4 orc priests
  9 iguanas
  6 orc wizards
  4 gnolls
  3 adders
  A white imp (D:8)
  An ufetubus (D:4)
  A worm (D:4)
  2 dart slugs
  42 orcs
  3 ball pythons
  6 bats
  4 endoplasms
  3 giant cockroaches
  5 goblins
  4 hobgoblins
  2 jackals (D:1)
  14 kobolds
  7 quokkas
  4 frilled lizards (D:2)
  3 rats
193 creatures vanquished.

Vanquished Creatures (others)
  An orc warrior (D:6)
1 creature vanquished.

Grand Total: 194 creatures vanquished

Notes
Turn   | Place    | Note
-------+----------+-------------------------------------------
     0 | D:1      | Essalna the Djinni Conjurer began the quest for the Orb.
     0 | D:1      | Essalna set off with the following spells memorised: Magic
                  | Dart, Searing Ray, Dazzling Flash, Fulminant Prism,
                  | Iskenderun's Mystic Blast.
     0 | D:1      | Reached XP level 1. HP: 15/15 MP: 0/0
   435 | D:1      | Reached skill level 1 in Fighting
   435 | D:1      | Reached XP level 2. HP: 14/22 MP: 0/0
   674 | D:1      | Reached XP level 3. HP: 26/27 MP: 0/0
   674 | D:1      | Learned a level 1 spell: Beastly Appendage
   736 | D:1      | Found Deq Cilek's Antique Armour Boutique.
   864 | D:1      | Found a faded altar of an unknown god.
  1591 | D:2      | Reached skill level 2 in Fighting
  1644 | D:2      | Reached XP level 4. HP: 23/33 MP: 0/0
  1988 | D:3      | Found a glowing golden altar of the Shining One.
  2680 | D:4      | Reached XP level 5. HP: 13/40 MP: 0/0
  2680 | D:4      | Learned a level 2 spell: Call Imp
  3091 | D:4      | Noticed a black bear
  3100 | D:4      | Killed a black bear
  3101 | D:4      | Reached skill level 3 in Fighting
  3101 | D:4      | Reached XP level 6. HP: 40/46 MP: 0/0
  3212 | D:4      | Found a staircase to the Ecumenical Temple.
  3240 | Temple   | Entered the Ecumenical Temple
  3389 | Temple   | Became a worshipper of Makhleb the Destroyer
  3758 | D:4      | Noticed Pikel
  3779 | D:4      | Killed Pikel
  3780 | D:4      | Reached skill level 5 in Fighting
  3780 | D:4      | Reached skill level 5 in Spellcasting
  3780 | D:4      | Reached XP level 7. HP: 15/54 MP: 0/0
  3780 | D:4      | Learned a level 3 spell: Swiftness
  4250 | D:4      | Reached XP level 8. HP: 36/61 MP: 0/0
  4458 | D:4      | Reached * piety under Makhleb
  4585 | D:5      | Entered Level 5 of the Dungeon
  4690 | D:5      | Found a hide-covered altar of Uskayaw.
  4707 | D:5      | Noticed Sigmund
  4719 | D:5      | Killed Sigmund
  4720 | D:5      | Reached skill level 6 in Fighting
  4808 | D:5      | Found a sparkling altar of Nemelex Xobeh.
  5106 | D:5      | Reached skill level 7 in Fighting
  5137 | D:5      | Found a shimmering altar of Xom.
  5168 | D:5      | Reached XP level 9. HP: 36/68 MP: 0/0
  5168 | D:5      | Learned a level 3 spell: Vampiric Draining
  5391 | D:5      | Found Cautuock's Assorted Antiques.
  6132 | D:6      | Reached skill level 8 in Fighting
  6291 | D:6      | Found a stormy altar of Qazlal.
  6472 | D:6      | Reached ** piety under Makhleb
  6584 | D:6      | Found a large runed translucent door.
  6686 | D:6      | Found a large runed translucent door.
  6852 | D:6      | Found an ornate altar of the Wu Jian Council.
  7163 | D:6      | Reached skill level 9 in Fighting
  7467 | D:6      | Noticed a deep elf pyromancer
  7475 | D:6      | Killed a deep elf pyromancer
  7476 | D:6      | Reached XP level 10. HP: 50/78 MP: 0/0
  7731 | D:7      | Found an opulent altar of Gozag.
  7765 | D:7      | Noticed an unseen horror
  7772 | D:7      | Killed an unseen horror
  7777 | D:7      | Reached skill level 10 in Fighting
  8371 | D:8      | Noticed Maurice
  8619 | D:8      | Killed Maurice
  8620 | D:8      | Reached skill level 1 in Armour
  8977 | D:8      | Noticed Psyche
  9003 | D:8      | Killed Psyche
  9281 | D:8      | Found a runed translucent gate.
  9281 | D:8      | Found a runed translucent gate.
  9519 | D:8      | Found a runed translucent gate.
  9525 | D:8      | Noticed Malachi's ghost (novice TrEE)
  9544 | D:8      | Reached XP level 11. HP: 23/86 MP: 0/0
  9544 | D:8      | Learned a level 5 spell: Lightning Bolt
  9715 | D:9      | Noticed a boulder beetle
  9719 | D:9      | Reached *** piety under Makhleb
 10144 | D:8      | Killed Malachi's ghost
 10668 | D:9      | Noticed Amaemon
 10706 | D:9      | Reached skill level 11 in Fighting
 10946 | D:9      | Killed a boulder beetle
 10947 | D:9      | Reached skill level 5 in Dodging
 11135 | D:9      | Noticed a cyclops
 11137 | D:9      | Killed a cyclops
 11139 | D:9      | Noticed a centaur warrior
 11144 | D:9      | Shot with an arrow by a centaur warrior

Illustrated notes

Levels and vault maps discovered:
D:1:      beargit_arrival_diablo_church, layout_loops_ring, serial_shops, shop,
          shapermc_ecumenical_altar_pompeii
D:2:      layout_basic, minmay_pentomino_o2
D:3:      layout_loops_ring, nicolae_tso_swordbearing_angel,
          minmay_misc_feat_nine_boxes
D:4:      minmay_polygon_palace, layout_loops_ring,
          minmay_temple_entry_offerings, uniq_pikel
D:5:      layout_basic, mainiacjoe_overflow_chevrons, old_standard_altar,
          nemelex_altar_shiori, serial_shops, shop, uniq_sigmund
D:6:      layout_loops_ring, lemuel_crystal_altar, jmf_multi_god_temple2,
          guppyfry_early_elven_hall
D:7:      layout_rooms, mainiacjoe_overflow_small_starburst
D:8:      layout_basic, nicolae_sif_muna_condensation, gammafunk_ghost_spectres,
          uniq_psyche, uniq_maurice
D:9:      layout_long_grid, minmay_mirror_moons_of_madness, uniq_harold,
          uniq_amaemon
Temple:   bh_familiar_temple

Skill      XL: |  1  2  3  4  5  6  7  8  9 10 11 |
---------------+----------------------------------+-----
Fighting       | 1 2 3 5 7 9 10 11 | 11.2
Spellcasting   | 4 5 6 8 9 |  9.4
Armour         | 2 4 |  4.5
Dodging        | 3 5 |  5.5
Stealth        | |  1.5

Action                   |  1- 3 |  4- 6 |  7- 9 | 10-12 || total
-------------------------+-------+-------+-------+-------++-------
Melee: Hand axe          |       |    11 |       |       ||    11
       Whip              |       |       |     1 |     1 ||     2
 Cast: Magic Dart        |    51 |    37 |   140 |    93 ||   321
       Searing Ray       |     2 |     8 |    30 |    14 ||    54
       Iskenderun's Myst |       |       |    19 |    34 ||    53
       Lightning Bolt    |       |       |       |    39 ||    39
       Swiftness         |       |       |       |     2 ||     2
  Use: Potion            |       |       |     1 |       ||     1
Armor: Robe              |     3 |     3 |     2 |     3 ||    11
       Leather armour    |       |       |       |     7 ||     7
       Skin              |       |       |       |     1 ||     1
Dodge: Dodged            |     8 |    15 |    15 |    21 ||    59
Block: Other             |       |     1 |     5 |     6 ||    12
       Reflection        |       |       |     1 |       ||     1

Table legend: (Time is in decaauts)
 A = Elapsed time spent in this place.
 B = Non-inter-level travel time spent in this place.
 C = Inter-level travel time spent in this place.
 D = Time resting spent in this place.
 E = Time spent auto-exploring this place.
 F = Levels seen in this place.
 G = Mean time per level.
                   A        B        C        D        E       F      G
               +--------+--------+--------+--------+--------+-----+--------+
         Total |  11149 |  10813 |    336 |   1880 |   7668 |  10 | 1114.9 |
       Dungeon |  10973 |  10662 |    311 |   1880 |   7526 |   9 | 1219.2 |
        Temple |    175 |    150 |     25 |      0 |    142 |   1 |  175.0 |
               +--------+--------+--------+--------+--------+-----+--------+

Top non-repeatable levels by time:
     D:4: 1996 daAuts
     D:8: 1758 daAuts
     D:7: 1531 daAuts
     D:5: 1461 daAuts
     D:6: 1410 daAuts
     D:1: 1027 daAuts
     D:2: 864 daAuts
     D:3: 701 daAuts
     D:9: 221 daAuts
  Temple: 175 daAuts
